 Dungeon Crawl Stone Soup version 0.26.0-45-g9c1d065592 (webtiles) character file.

Game seed: 4096949187827028750

259 trckry the Bolt Thrower (level 6, -3/36 HPs)
             Began as a Tengu Hunter on Jan 27, 2021.
             Slain by a centaur (5 damage)
             ... on level 6 of the Dungeon.
             The game lasted 00:07:07 (2309 turns).

trckry the Bolt Thrower (Tengu Hunter)              Turns: 2309, Time: 00:07:07

Health: -3/36      AC:  6    Str: 20    XL:     6   Next: 17%
Magic:  8/8        EV: 13    Int: 11    God:
Gold:   148        SH:  0    Dex: 15    Spells: 5/5 levels left

rFire    . . .     SeeInvis .   l - -2 spear (curse)
rCold    . . .     Faith    .   (no shield)
rNeg     . . .     Spirit   .   k - +0 scale mail
rPois    .         Reflect  .   (helmet restricted)
rElec    .         Harm     .   (no cloak)
rCorr    .         Rampage  .   (no gloves)
Will     .....                  (boots unavailable)
Stlth    ..........             (no amulet)
HPRegen  0.12/turn              h - +6 ring of strength
MPRegen  0.11/turn              (no ring)

@: flying quickly and evasively, quick
A: beak, talons 3, able to fly
a: Stop Flying


You were on level 6 of the Dungeon.
You visited 1 branch of the dungeon, and saw 4 of its levels.

You collected 148 gold pieces.

Inventory:

Hand Weapons
 a - a +2 hand crossbow
 l - a cursed -2 spear (weapon)
 m - a +2 dagger of venom
 p - a +0 long sword
Missiles
 d - 20 bolts
 n - 8 poisoned darts (quivered)
Armour
 k - a +0 scale mail (worn)
Jewellery
 h - a +6 ring of strength (left hand)
Scrolls
 b - a scroll of fog
 c - a scroll of blinking
 o - a scroll of magic mapping
 r - a scroll of random uselessness {unknown}
Potions
 e - a potion of magic {unknown}
 f - a potion of haste {unknown}
 g - a potion of resistance {unknown}
 i - 3 potions of lignification {unknown}
 q - a potion of attraction {unknown}


   Skills:
 + Level 2.8 Fighting
 * Level 5.7 Crossbows
 + Level 2.0 Armour
 + Level 3.3 Dodging
 - Level 1.0 Stealth
 + Level 1.6 Invocations
 + Level 1.8 Evocations


You had 5 spell levels left.
You didn't know any spells.
Your spell library was empty.

Dungeon Overview and Level Annotations

Branches:
Dungeon (3/15)

Altars:


Innate Abilities, Weirdness & Mutations

You have a beak for a mouth.
You have claws for feet.
You can fly continuously.


Message History

You throw a curare-tipped dart.
The curare-tipped dart barely misses the centaur.
The adder hisses angrily.
The centaur shoots an arrow.
The arrow barely misses you.
The centaur shoots an arrow.
The arrow hits you but does no damage.
Throw: 9 darts (poison)
Press: ? - help, Q - select action, (/) - cycle Shift-Dir - straight line, f/p - centaur
Aim: a centaur, wielding a +0 shortbow and quivering 21 arrows (70% to hit)
You throw a poisoned dart. The poisoned dart hits the centaur.
The centaur shoots an arrow.
The arrow closely misses you.
The centaur shoots an arrow.
The arrow hits you.
You see here an arrow.
The centaur shoots an arrow.
The arrow barely misses you.
The centaur shoots an arrow.
The arrow hits you!
The centaur shoots an arrow.
The arrow hits you!
* * * LOW HITPOINT WARNING * * *
The adder bites you but does no damage.
You see here an arrow.
The centaur unwields a +0 shortbow.
The centaur hits you.
You die...

###### #....# # #....#
.# #....###### ##
.###.........# ...
.............#######....
.............##.........
..........(..##.@.......
..........(.((.(.c.(....
.#............S.........
.'..........!...........
.#......................
........................
........................
........................
..........[............


You could see a centaur and an adder.

Vanquished Creatures
  Sigmund (D:2)
  Terence (D:2)
  A worker ant (D:3)
  2 adders (D:3)
  An ufetubus (D:6)
  2 leopard geckos
  6 goblins
  5 hobgoblins
  2 quokkas
  4 bats
  5 frilled lizards
  2 kobolds
  2 rats (D:3)
34 creatures vanquished.

Notes
Turn   | Place    | Note
-------+----------+-------------------------------------------
     0 | D:1      | trckry the Tengu Hunter began the quest for the Orb.
     0 | D:1      | Reached XP level 1. HP: 12/12 MP: 2/2
   872 | D:2      | Reached XP level 2. HP: 17/17 MP: 3/3
   967 | D:2      | Noticed Sigmund
  1025 | D:2      | Killed Sigmund
  1026 | D:2      | Reached skill level 5 in Crossbows
  1026 | D:2      | Reached skill level 1 in Armour
  1026 | D:2      | Reached skill level 1 in Invocations
  1026 | D:2      | Reached skill level 1 in Evocations
  1026 | D:2      | Reached XP level 3. HP: 11/22 MP: 3/5
  1026 | D:2      | Reached XP level 4. HP: 14/27 MP: 3/6
  1026 | D:2      | Gained mutation: You can fly continuously. [Tengu growth]
  1026 | D:2      | Reached XP level 5. HP: 16/31 MP: 3/7
  1265 | D:2      | Noticed Terence
  1275 | D:2      | Killed Terence
  1921 | D:3      | Reached XP level 6. HP: 28/36 MP: 8/8
  2269 | D:3      | You are sucked into a shaft and drop 3 floors!
  2308 | D:6      | HP: 2/36 [centaur/arrow (13)]
  2309 | D:6      | Slain by a centaur

Illustrated notes

Levels and vault maps discovered:
D:1:      zaba_arrival_water, layout_basic
D:2:      layout_basic, uniq_sigmund, uniq_terence
D:3:      layout_basic
D:6:      layout_basic, minmay_temple_entry_large_hall

Skill      XL: |  1  2  3  4  5 |
---------------+----------------+-----
Crossbows      | 5 |  5.7
Armour         | 1 2 |  2.0
Dodging        | 3 |  3.3
Invocations    | 1 |  1.6
Evocations     | 1 |  1.8
Fighting       | |  2.8
Stealth        | |  1.0

Action                   |  1- 3 |  4- 6 || total
-------------------------+-------+-------++-------
Melee: Spear             |    19 |    68 ||    87
       Hand axe          |     5 |       ||     5
       Kick              |     3 |    20 ||    23
       Peck              |     3 |     4 ||     7
Throw: Dart              |     3 |    20 ||    23
 Abil: Fly               |       |     1 ||     1
  Use: Scroll            |     5 |     3 ||     8
Armor: Ring mail         |     4 |     3 ||     7
       Scale mail        |       |    17 ||    17
Dodge: Dodged            |     9 |    47 ||    56
